 Dungeon Crawl Stone Soup version 0.22-b1-26-g9dbaab1 (webtiles) character file.

121 Goblin1989 the Sneak (level 4, 21/21 HPs)
             Began as a Spriggan Enchanter on Aug 8, 2018.
             Was an Initiate of Sif Muna.
             Quit the game on level 3 of the Dungeon.
             The game lasted 00:11:11 (4040 turns).

Goblin1989 the Sneak (Spriggan Enchanter)           Turns: 4040, Time: 00:11:12

Health: 21/21      AC:  3    Str:  4    XL:     4   Next: 77%
Magic:  10/10      EV: 18    Int: 17    God:    Sif Muna [......]
Gold:   111        SH:  0    Dex: 16    Spells: 4/10 levels left

rFire    . . .     SeeInvis +   u - +3 short sword
rCold    . . .     Gourm    .   (shield restricted)
rNeg     . . .     Faith    .   b - +1 robe
rPois    +         Spirit   .   (helmet restricted)
rElec    .         Reflect  .   (no cloak)
rCorr    .         Harm     .   (gloves unavailable)
MR       .....                  (boots unavailable)
Stlth    ++........             (no amulet)
HPRegen  0.07/turn              t - ring of attention (curse)
MPRegen  0.12/turn              o - ring of poison resistance

@: very quick
A: very small, unfitting armour, see invisible, herbivore, speed 3, slow
metabolism 2
a: Renounce Religion


You were on level 3 of the Dungeon.
You worshipped Sif Muna.
Sif Muna was noncommittal.
You were near starving.

You visited 1 branch of the dungeon, and saw 3 of its levels.

You collected 111 gold pieces.

Inventory:

Hand Weapons
 a - a +1 dagger
 l - a +0 hunting sling
 u - a +3 short sword (weapon)
Missiles
 h - 86 stones (quivered) {@Q3}
 k - 14 poisoned needles
 s - 13 sling bullets
Armour
 b - a +1 robe (worn)
Jewellery
 o - a ring of poison resistance (right hand)
 t - a cursed ring of attention (left hand)
 U - an uncursed ring of positive energy
Scrolls
 R - 4 scrolls of identify {@r1}
 T - 3 scrolls of teleportation {!r, @r2}
Potions
 i - a potion of invisibility {unknown}
 m - a potion of berserk rage {unknown}
 n - a potion of lignification {unknown}
 p - a potion of flight
 v - 2 potions of might {unknown}
 V - a potion of brilliance {unknown}
Comestibles
 e - 3 rations


   Skills:
 + Level 0.5 Fighting
 * Level 2.1 Short Blades
 + Level 3.3 Dodging
 + Level 5.2 Stealth
 + Level 3.5 Spellcasting
 * Level 5.1 Hexes


You had 4 spell levels left.
You knew the following spells:

 Your Spells              Type           Power        Failure   Level  Hunger
a - Corona                Hex            ###....      1%          1    None
b - Ensorcelled Hibernat  Hex/Ice        ##....       9%          2    ##.....
x - Confuse               Hex            ###.....     6%          3    ###....

Your spell library contained the following spells:

 Spells                   Type           Power        Failure   Level  Hunger
 Animate Dead             Necr           N/A          86%         4    ####...
 Pain                     Necr           #...         17%         1    None
 Animate Skeleton         Necr           N/A          17%         1    None
 Vampiric Draining        Necr           #.........   45%         3    ###....
 Regeneration             Chrm/Necr      #.........   45%         3    ###....
 Tukima's Dance           Hex            ###.....     6%          3    ###....
 Dazzling Spray           Conj/Hex       ##....       17%         3    ###....


Dungeon Overview and Level Annotations

Branches:
Dungeon (3/15)

Altars:
Hepliaklqana
Kikubaaqudgha
Okawaru
Sif Muna
The Shining One


Innate Abilities, Weirdness & Mutations

You are very small and have problems with some larger weapons.
You are too small for most types of armour.
You have supernaturally acute eyesight. (SInv)
You are a herbivore.
You cover ground extremely quickly.
You need to consume almost no food.


Message History

Sif Muna accepts your kill.
Key pressed, stopping explore.
Key pressed, stopping explore.
Key pressed, stopping explore.
Key pressed, stopping explore.
You now have 111 gold pieces (gained 12).
A quokka comes into view.
Health restored: 21 A quokka is nearby!
A quokka is nearby!
A quokka is nearby!
A quokka is nearby!
The quokka closely misses you.
You hit the quokka.
The quokka is almost dead.
The quokka closely misses you.
You hit the quokka but do no damage.
The quokka is almost dead.
The quokka barely misses you.
You closely miss the quokka.
The quokka is almost dead.
The quokka bites you.
You take 4 damage, and have 17/21 hp.
You miss the quokka.
The quokka is almost dead.
The quokka misses you. The quokka bites you.
You take 5 damage, and have 12/21 hp.
MASSIVE DAMAGE!!
You are too injured to fight recklessly!
You are too injured to fight recklessly!
You are too injured to fight recklessly!
You are too injured to fight recklessly!
You are too injured to fight recklessly!
You are too injured to fight recklessly!
You are too injured to fight recklessly!
You are too injured to fight recklessly!
You are too injured to fight recklessly!
You are too injured to fight recklessly!
You are too injured to fight recklessly!
You are too injured to fight recklessly!
You are too injured to fight recklessly!
You are too injured to fight recklessly!
You are too injured to fight recklessly!
A quokka is nearby!
A quokka is nearby!
You barely miss the quokka.
The quokka is almost dead.
The quokka completely misses you.
You closely miss the quokka.
The quokka is almost dead.
The quokka closely misses you.
You hit the quokka.
You kill the quokka!
Sif Muna accepts your kill.
You are near starving!
Key pressed, stopping explore.
Key pressed, stopping explore.
V - a smoky pink potion Health restored: 21 Key pressed, stopping explore.
There is an open door here.
You see here a club.
You see here a rapier.
You open the door.
An adder comes into view.
There is an open door here.
The helpless adder fails to defend itself.
You impale the adder!!
You kill the adder!
Sif Muna accepts your kill.
No target in view!
No target in view!
No target in view!
No target in view!
No target in view!
No target in view!
No target in view!
No target in view!
No target in view!
No target in view!
No target in view!
No target in view!
No target in view!
No target in view!
No target in view!
No target in view!
No target in view!
No target in view!
No target in view!
No target in view!
As you open the door, it creaks loudly!
There is an open door here.
Key pressed, stopping explore.
Key pressed, stopping explore.
Done exploring.
Saving game... please wait.
Sif Muna whispers: Become a ragged hierophant.
Welcome back, Goblin1989 the Spriggan Enchanter.
Sif Muna whispers: I know many secrets...
Press ? for a list of commands and other information.
Are you sure you want to abandon this character and quit the game? (Confirm with "yes".) ██████

█.████████.█ █....█ █.█
█.█ ██.█.████████ █.███
█.█ █...█......█ █.█.█
█.█ █...█.██.███ █.█.█
█.█
█..██.██.█████████.█.█
█..
████.....██............(█
███
█.██.████████████████.███
█ █.██.█
█......@..█.....█ █
█....█ █████████.█...█.█
█
█.██████████████>...███.█
█
█.████.........█.)......█
█
█....∆.........∆.██.█████


████ ██████.........█....█ █... █......[..█.████ █.██ █.........█.█ █.█
█.........█.█ ████████.█ There were no monsters in sight!

Vanquished Creatures
  6 adders
  2 worms (D:2)
  5 dart slugs
  5 bats
  A giant cockroach (D:2)
  6 goblins
  7 hobgoblins
  5 jackals (D:3)
  2 quokkas (D:3)
  A ball python (D:1)
  3 frilled lizards
  5 kobolds
  3 rats
51 creatures vanquished.

Notes
Turn   | Place    | Note
-------+----------+-------------------------------------------
     0 | D:1      | Goblin1989 the Spriggan Enchanter began the quest for the Orb.
     0 | D:1      | Reached XP level 1. HP: 9/9 MP: 5/5
  1129 | D:1      | Reached XP level 2. HP: 13/13 MP: 7/7
  1133 | D:1      | Learned a level 2 spell: Ensorcelled Hibernation
  1897 | D:2      | Reached XP level 3. HP: 13/16 MP: 0/8
  1991 | D:2      | Learned a level 3 spell: Confuse
  2032 | D:2      | Found an iron altar of Okawaru.
  2033 | D:2      | Found a hazy altar of Hepliaklqana.
  2033 | D:2      | Found a deep blue altar of Sif Muna.
  2078 | D:2      | Found an ancient bone altar of Kikubaaqudgha.
  2123 | D:2      | Became a worshipper of Sif Muna the Loreminder
  2223 | D:2      | Found a glowing golden altar of the Shining One.
  2786 | D:3      | Reached XP level 4. HP: 21/21 MP: 6/10
  3188 | D:3      | Reached skill level 5 in Stealth
  3210 | D:3      | Found a faded altar of an unknown god.
  3422 | D:3      | Reached skill level 5 in Hexes
  4040 | D:3      | Quit the game

Skill      XL: |  1  2  3  4 |
---------------+-------------+-----
Hexes          | 4 5 |  5.1
Spellcasting   | 3 |  3.5
Stealth        | 5 |  5.2
Short Blades   | 2 |  2.1
Fighting       | |  0.5
Dodging        | |  3.3

Action                   |  1- 3 |  4- 6 || total
-------------------------+-------+-------++-------
Melee: Dagger            |   118 |     6 ||   124
       Short sword       |       |    66 ||    66
 Cast: Corona            |     2 |       ||     2
       Ensorcelled Hiber |     8 |       ||     8
       Confuse           |     5 |       ||     5
  Use: Scroll            |       |     5 ||     5
 Stab: Sleeping          |    12 |     3 ||    15
       Confused          |     1 |       ||     1
Armor: Robe              |     7 |     7 ||    14
Dodge: Dodged            |    72 |    54 ||   126

Vault maps used:
D:1:      sevenhm_arrival_forest_fort_small_5
D:2:      chequers_temple_overflow_statue_of_worship, overflow_temple_1_default
D:3:      chequers_ecumenical_altar_simple_redux
